 Dungeon Crawl Stone Soup version 0.29.1-12-g30fa7ad0bf (webtiles) character file.

Game seed: 16952353063611258561

6032 xzight the Grappler (level 10, -4/102 HPs)
             Began as a Troll Fighter on Dec 27, 2022.
             Shot with an arrow by a centaur warrior (12 damage)
             ... on level 7 of the Dungeon.
             The game lasted 00:20:14 (9518 turns).

xzight the Grappler (Troll Fighter)                 Turns: 9518, Time: 00:20:15

Health: -4/102     AC: 10    Str: 34    XL:     10   Next: 56%
Magic:  9/9        EV:  9    Int:  4    God:
Gold:   572        SH:  9    Dex: 11    Spells: 9/9 levels left

rFire   . . .      SeeInvis +     - Unarmed
rCold   . . .      Faith    .   b - +0 kite shield
rNeg    . . .      Spirit   .   z - +5 robe of Night {Dark Will+ SInv}
rPois   .          Reflect  .   (helmet restricted)
rElec   .          Harm     .   k - +0 cloak
rCorr   .          Rampage  .   (gloves unavailable)
Will    +....                   (boots unavailable)
Stlth   +.........              (no amulet)
HPRegen 1.07/turn               S - +6 ring of strength
MPRegen 0.11/turn               (no ring)

@: no status effects
A: large, unfitting armour, claws 3, regeneration 1, shaggy fur 1, tough skin 1
a: no special abilities


You were on level 7 of the Dungeon.
You visited 2 branches of the dungeon, and saw 10 of its levels.
You also visited: Sewer.

You collected 600 gold pieces.
You spent 28 gold pieces at shops.


Innate Abilities, Weirdness & Mutations

You are too large for most types of armour.
You have claws for hands.
Your natural rate of healing is unusually fast.
You are covered in fur. (AC +1)
You have tough skin. (AC +1)


   Skills:
 + Level 7.1 Fighting
 + Level 7.2 Throwing
 - Level 2.4 Dodging
 + Level 7.2 Shields
 + Level 9.1 Unarmed Combat


You had 9 spell levels left.
You didn't know any spells.
Your spell library contained the following spells:

 Spells                   Type           Power      Damage    Failure   Level
 Magic Dart               Conj           0%         1d3       75%         1
 Sting                    Tmut/Pois      0%         1d3       75%         1
 Blink                    Tloc           0%         N/A       87%         2
 Call Imp                 Summ           0%         N/A       87%         2
 Poisonous Vapours        Pois/Air       0%         N/A       87%         2
 Scorch                   Fire           0%         2d5       87%         2
 Lesser Beckoning         Tloc           0%         N/A       98%         3
 Mephitic Cloud           Conj/Pois/Air  0%         N/A       98%         3
 Flame Wave               Conj/Fire      0%         2d4       100%        4
 Olgreb's Toxic Radiance  Pois           0%         N/A       100%        4
 Manifold Assault         Tloc           0%         N/A       100%        5
 Metabolic Englaciation   Hex/Ice        0%         N/A       100%        5
 Summon Cactus Giant      Summ           0%         N/A       100%        6
 Disjunction              Tloc           0%         N/A       100%        8

Inventory:

Missiles
 j - a javelin (quivered)
 B - a throwing net {=f}
Armour
 b - a +0 kite shield (worn)
 k - a +0 cloak (worn)
 z - the +5 robe of Night (worn) {Dark Will+ SInv}
   (You found it on level 7 of the Dungeon)

   It shrouds the wearer in darkness, reducing the range at which they can see
   and be seen by others.
   SInv:      It lets you see invisible.
   Will:      It increases your willpower.
Jewellery
 v - a ring of see invisible
 F - a ring of fire
 S - a +6 ring of strength (left claw)
Wands
 a - a wand of charming (18)
 u - a wand of mindburst (2)
 x - a wand of flame (17)
 C - a wand of light (16)
Scrolls
 d - 5 scrolls of enchant armour {unknown}
 f - 2 scrolls of magic mapping {unknown}
 g - 3 scrolls of blinking
 h - 4 scrolls of butterflies
 i - a scroll of immolation {unknown}
 l - 4 scrolls of enchant weapon
 n - 2 scrolls of fear {unknown}
 p - 4 scrolls of teleportation {@r2}
 s - a scroll of vulnerability {unknown}
 y - a scroll of silence {unknown}
 A - a scroll of amnesia {unknown}
 E - 3 scrolls of identify {@r1}
 G - a scroll of brand weapon {unknown}
Potions
 c - 2 potions of might
 e - 2 potions of berserk rage {!q}
 m - 5 potions of heal wounds {@q2}
 o - 4 potions of lignification
 q - 3 potions of brilliance
 r - 2 potions of flight
 t - 2 potions of curing {@q1}
 w - a potion of cancellation
 D - a potion of haste {unknown}
 H - a potion of ambrosia {unknown}

Dungeon Overview and Level Annotations

Branches:
Dungeon (9/15)             Temple (1/1) D:5           Sewer (visited)
   Lair: D:8-11         Orc: D:9-12

Altars:
Cheibriados
Dithmenos
Elyvilon
Gozag
Hepliaklqana
Makhleb
Nemelex Xobeh
Qazlal
Ru
Sif Muna
Uskayaw
Vehumet
Wu Jian
Xom

Shops:
D:1 *   D:3 (   D:7 (:   D:8 [

Annotations:
D:9 6 transporters

######.#.........# #.# #.##.##.##
....<............###.###....##.##
.......#######............####.##
######## #.#.###.###..# #.#▒ #
#.#.###.###..####... #
#.#.......#......▒.∩ #
#.#####.#.#..####... #
#.#...............#▒ #####
#.#@#####.#.######## ..).#
#.#.###.....# ###.# #.c>.##.....#
###.# #[.c.)[...[.# ...>#
##...##.....# ###.# ##<▒▒▒▒▒▒▒.#
#.# ▒▒▒.....▒▒▒ #.# ▒▒.........▒▒
###.# ▒...........▒


You could see 2 centaur warriors.


Message History

There is a stone staircase leading down here.
You climb downwards.
The centaur warrior unwields a +0 shortbow.
The centaur warrior hits you! You block the centaur warrior's attack.
There is a stone staircase leading up, spattered with blood here.
The centaur warrior hits you! You block the centaur warrior's attack.
The centaur warrior closely misses you. The centaur warrior kicks you.
The centaur warrior hits you but does no damage.
The centaur warrior kicks you.
You climb upwards.
There is a stone staircase leading down here.
The centaur warrior attacks as you move away!
The centaur warrior hits you.
The centaur warrior kicks you but does no damage.
The centaur warrior wields a +0 shortbow.
The centaur warrior shoots an arrow.
The arrow hits you!
* * * LOW HITPOINT WARNING * * *
The centaur warrior hits you but does no damage.
The centaur warrior kicks you but does no damage.
The centaur warrior wields a +0 shortbow.
The centaur warrior shoots an arrow.
You block the arrow.
The centaur warrior shoots an arrow.
The arrow hits you!!
* * * LOW HITPOINT WARNING * * *
The centaur warrior shoots an arrow.
You block the arrow.
You feel much better.
The centaur warrior shoots an arrow.
The arrow hits you!!
* * * LOW HITPOINT WARNING * * *
The centaur warrior shoots an arrow.
The arrow hits you!
* * * LOW HITPOINT WARNING * * *
The centaur warrior shoots an arrow.
The arrow hits you!
You die...

Skill      XL: |  1  2  3  4  5  6  7  8  9 10 |
---------------+-------------------------------+-----
Unarmed Combat | 3 4 5 6 7 8 9 |  9.1
Throwing       | 1 2 3 4 5 6 7 |  7.2
Fighting       | 3 4 5 6 7 |  7.1
Shields        | 3 4 6 7 |  7.2
Dodging        | |  2.4

Action                   |  1- 3 |  4- 6 |  7- 9 | 10-12 || total
-------------------------+-------+-------+-------+-------++-------
Melee: Unarmed           |    97 |   225 |   417 |   137 ||   876
Throw: Javelin           |       |     4 |     1 |       ||     5
  Use: Scroll            |     1 |     4 |     5 |       ||    10
       Potion            |       |       |     1 |     1 ||     2
Armor: Robe              |    31 |    64 |   109 |    44 ||   248
Dodge: Dodged            |    20 |    69 |   140 |    41 ||   270
Block: Kite shield       |    31 |    66 |   163 |    68 ||   328

Levels and vault maps discovered:
D:1:      tarquinn_simple_flora_water_f, layout_loops_ring, serial_shops, shop,
          st_stairs_6
D:2:      layout_rooms, minmay_misc_feat_encased, minmay_misc_feat_pillars
D:3:      layout_basic, serial_shops, nicolae_shop_overgrown_old_shop,
          dreamdust_ecumenical_altar_grove, gup_sewer_entry_bubbles,
          minmay_pentangle
D:4:      layout_loops_ring, dk_vineyard_3, uniq_ijyb, uniq_menkaure
D:5:      lemuel_castle_with_subvaults [lemuel_castle_interior_original],
          layout_loops_ring, minmay_temple_entry_gardened_gates, corner_web_ring
D:6:      wander_river, layout_basic, lemuel_round_altar,
          mainiacjoe_overflow_chevrons
D:7:      layout_loops_ring, serial_shops, nicolae_shop_stone,
          nicolae_shop_stone, hellmonk_guarded_unrand_night
D:8:      cheibrodos_elevator_heist, layout_cave_pools,
          mainiacjoe_overflow_cross_hatched, serial_shops,
          nicolae_shop_hallway_plus, kennysheep_generic_room_8
D:9:      layout_loops_ring, led_sif_book, vehumet_crystals, minmay_door_square,
          serial_nicolae_subway, nicolae_sub_station_stone,
          nicolae_sub_station_metal, nicolae_sub_station_crystal, uniq_pikel
Temple:   hellmonk_temple_rainy

Notes
Turn   | Place    | Note
-------+----------+-------------------------------------------
     0 | D:1      | xzight the Troll Fighter began the quest for the Orb.
     0 | D:1      | Reached XP level 1. HP: 22/22 MP: 0/0
   242 | D:1      | Reached XP level 2. HP: 29/29 MP: 1/1
   343 | D:1      | Got Sif Muna's Textbook on Shifting and Cold
   373 | D:1      | Reached skill level 3 in Unarmed Combat
   410 | D:1      | Found Rixyomp's General Store.
   458 | D:1      | Bought a scroll of identify for 28 gold pieces
   541 | D:1      | Reached XP level 3. HP: 36/36 MP: 2/2
  1038 | D:2      | Reached skill level 4 in Unarmed Combat
  1286 | D:3      | Noticed an ogre
  1510 | D:3      | Reached XP level 4. HP: 41/44 MP: 3/3
  1511 | D:3      | Found a glowing drain.
  1519 | Sewer    | Entered a sewer
  1592 | Sewer    | Reached skill level 1 in Throwing
  1731 | Sewer    | Reached XP level 5. HP: 52/52 MP: 4/4
  1796 | Sewer    | Reached skill level 3 in Fighting
  1819 | Sewer    | Reached skill level 2 in Throwing
  1822 | Sewer    | Reached XP level 6. HP: 33/61 MP: 5/5
  1950 | D:3      | Reached skill level 5 in Unarmed Combat
  2176 | D:3      | Found a faded altar of an unknown god.
  2359 | D:3      | Found Fac Usig's Antique Weapon Boutique.
  2826 | D:3      | Found a faded altar of an unknown god.
  3189 | D:3      | Found Fac Usig's Antique Weapon Boutique.
  3671 | D:4      | Noticed Ijyb
  3687 | D:4      | HP: 3/59 [disintegration (18)]
  3688 | D:4      | Killed Ijyb
  3689 | D:4      | Reached skill level 3 in Throwing
  3893 | D:4      | Reached skill level 4 in Fighting
  3893 | D:4      | Reached XP level 7. HP: 68/70 MP: 6/6
  3976 | D:4      | Noticed Menkaure
  4013 | D:4      | Killed Menkaure
  4014 | D:4      | Reached skill level 4 in Throwing
  4014 | D:4      | Reached skill level 6 in Unarmed Combat
  4467 | D:5      | Entered Level 5 of the Dungeon
  4504 | D:5      | HP: 7/70 [water moccasin (3)]
  4506 | D:5      | Reached skill level 3 in Shields
  4509 | D:5      | HP: 4/105 [poisoned by a water moccasin]
  4514 | D:5      | HP: 4/105 [poisoned by a water moccasin]
  4664 | D:5      | Reached XP level 8. HP: 73/79 MP: 7/7
  4772 | D:5      | Found a staircase to the Ecumenical Temple.
  4821 | Temple   | Entered the Ecumenical Temple
  5510 | D:5      | Reached skill level 5 in Throwing
  5548 | D:5      | Reached skill level 4 in Shields
  5704 | D:5      | Reached skill level 5 in Fighting
  6052 | D:6      | Reached skill level 7 in Unarmed Combat
  6288 | D:6      | Reached XP level 9. HP: 84/88 MP: 8/8
  6357 | D:6      | Found an opulent altar of Gozag.
  6502 | D:6      | Found an ornate altar of the Wu Jian Council.
  6731 | D:7      | Found Solooseph's Book Boutique.
  6758 | D:7      | Reached skill level 5 in Shields
  6818 | D:7      | Identified the +10 sling of Raci Vic {freeze, rN+}
  6830 | D:7      | Found Geaps's Antique Weapon Emporium.
  6983 | D:7      | Reached skill level 6 in Throwing
  7305 | D:7      | Reached skill level 6 in Fighting
  7305 | D:7      | Reached skill level 8 in Unarmed Combat
  7315 | D:7      | Reached skill level 6 in Shields
  7338 | D:7      | Found the +5 robe of Night {Dark Will+ SInv}
  7721 | D:8      | Reached XP level 10. HP: 100/100 MP: 9/9
  7795 | D:8      | Found a sacrificial altar of Ru.
  7839 | D:8      | Identified the +0 ring mail "Bobax" {rPois Will- Dex+7}
  8113 | D:8      | Found Joyhuel's Antique Armour Boutique.
  8502 | D:9      | Noticed Pikel
  8520 | D:9      | Killed Pikel
  8585 | D:9      | Reached skill level 7 in Fighting
  8585 | D:9      | Reached skill level 7 in Throwing
  8621 | D:9      | Reached skill level 7 in Shields
  8661 | D:9      | Found a transporter.
  8707 | D:9      | Found a transporter.
  8750 | D:9      | Reached skill level 9 in Unarmed Combat
  8790 | D:9      | Found a transporter.
  8792 | D:9      | Found a transporter.
  8818 | D:9      | Found a shimmering blue altar of Sif Muna.
  8826 | D:9      | Found a transporter.
  8835 | D:9      | Found a transporter.
  8853 | D:9      | Found a radiant altar of Vehumet.
  9468 | D:8      | Noticed a centaur warrior
  9471 | D:8      | Noticed a centaur warrior
  9518 | D:7      | HP: 8/102 [centaur warrior/arrow (9)]
  9518 | D:7      | Shot with an arrow by a centaur warrior

Vanquished Creatures
  Pikel (D:9)
  A kobold demonologist (D:9)
  3 dream sheep (D:7)
  3 shadows
  A yak (D:8)
  A vampire (D:9)
  Menkaure (D:4)
  A steam dragon (D:6)
  2 water moccasins
  3 sky beasts
  2 ogres
  8 kobold brigands
  A gnoll sergeant (D:8)
  3 bullfrogs
  3 scorpions
  A necrophage (D:6)
  3 wights (D:8)
  11 killer bees
  5 howler monkeys
  3 gnoll boudas
  2 jellies
  3 orc priests
  4 hounds
  6 iguanas
  Ijyb (D:4)
  3 orc wizards
  32 gnolls
  14 adders
  3 ufetubi
  3 worms
  2 dart slugs
  33 orcs
  5 bats
  17 endoplasms
  9 giant cockroaches
  9 goblins
  8 hobgoblins
  13 jackals (D:5)
  32 kobolds
  12 quokkas
  10 ball pythons
  7 frilled lizards
  7 rats
292 creatures vanquished.

Vanquished Creatures (others)
  4 fungi (D:3)
  8 plants
12 creatures vanquished.

Grand Total: 304 creatures vanquished

Table legend: (Time is in decaauts)
 A = Elapsed time spent in this place.
 B = Non-inter-level travel time spent in this place.
 C = Inter-level travel time spent in this place.
 D = Time resting spent in this place.
 E = Time spent auto-exploring this place.
 F = Levels seen in this place.
 G = Mean time per level.
                   A        B        C        D        E       F      G
               +--------+--------+--------+--------+--------+-----+--------+
         Total |   9678 |   9113 |    565 |    446 |   6304 |  11 |  879.8 |
       Dungeon |   9220 |   8668 |    552 |    446 |   6123 |   9 | 1024.4 |
        Temple |     30 |     17 |     13 |      0 |     10 |   1 |   30.0 |
         Sewer |    427 |    427 |      0 |      0 |    171 |   1 |  427.0 |
               +--------+--------+--------+--------+--------+-----+--------+

Top non-repeatable levels by time:
     D:3: 2027 daAuts
     D:5: 1608 daAuts
     D:7: 1067 daAuts
     D:4: 956 daAuts
     D:8: 854 daAuts
     D:1: 844 daAuts
     D:6: 687 daAuts
     D:9: 671 daAuts
     D:2: 501 daAuts
   Sewer: 427 daAuts
  Temple: 30 daAuts

Table legend:
 A = Non-vault XP
 B = Vault XP
 C = Vault XP percentage of total XP
 D = Non-vault monster count
 E = Vault monster count
 F = Vault count percentage of total count
                 A         B        C        D         E       F
            +---------+---------+-------+---------+---------+-------
      Total |    5345 |    3273 |  38.0 |     174 |     118 |  40.4
            +---------+---------+-------+---------+---------+-------
        D:1 |      41 |       2 |   4.7 |      23 |       1 |   4.2
        D:2 |      41 |       0 |   0.0 |       9 |       0 |   0.0
        D:3 |     223 |      34 |  13.2 |      23 |      12 |  34.3
        D:4 |     203 |     208 |  50.6 |      14 |       2 |  12.5
        D:5 |     522 |     677 |  56.5 |      13 |      54 |  80.6
        D:6 |    1007 |       0 |   0.0 |      29 |       0 |   0.0
        D:7 |     723 |    1233 |  63.0 |      15 |       5 |  25.0
        D:8 |    1457 |     212 |  12.7 |      38 |       2 |   5.0
        D:9 |    1128 |     607 |  35.0 |      10 |       1 |   9.1
      Sewer |       0 |     300 | 100.0 |       0 |      41 | 100.0
            +---------+---------+-------+---------+---------+-------
